 Dungeon Crawl Stone Soup version 0.30.1-11-g7821555f0a (webtiles) character file.

Game seed: 1543789872990158871

15166 Erymatos the Severer (level 11, -3/104 HPs)
             Began as a Minotaur Berserker on Nov 13, 2023.
             Was a High Priest of Trog.
             Slain by an ogre
             ... wielding a +0 giant spiked club
             ... led by Lodul
              (18 damage)
             ... on level 12 of the Dungeon.
             The game lasted 00:18:09 (11061 turns).

Erymatos the Severer (Minotaur Berserker)          Turns: 11061, Time: 00:18:09

Health: -3/104     AC: 10    Str: 29    XL:     11   Next: 98%
Magic:  10/10      EV: 17    Int:  4    God:    Trog [*****.]
Gold:   616        SH:  9    Dex: 13    Spells: 10/10 levels left

rFire   . . .        x - +1 war axe (flame)
rCold   . . .        E - +0 kite shield
rNeg    . . .        f - +0 scale mail
rPois   .            (helmet restricted)
rElec   .            (no cloak)
rCorr   .            t - +0 pair of gloves
SInv    .            (no boots)
Will    .....        r - amulet of faith Stlth
                     d - +6 ring of strength
HPRegen 0.37/turn    v - +5 ring of evasion
MPRegen 0.12/turn

%: faith
@: about to teleport, studying 2 skills
A: horns 2, retaliatory headbutt
a: Renounce Religion, Berserk, Trog's Hand, Brothers in Arms


You were on level 12 of the Dungeon.
You worshipped Trog.
Trog was extremely pleased with you.
You visited 1 branch of the dungeon, and saw 12 of its levels.
You also visited: Bailey.

You collected 788 gold pieces.
You spent 172 gold pieces at shops.

Inventory:

Hand Weapons
 x - a +1 war axe of flaming (weapon)
 K - a +2 antimagic battleaxe
Missiles
 y - a throwing net (quivered)
Armour
 f - a +0 scale mail (worn)
 t - a +0 pair of gloves (worn)
 E - a +0 kite shield (worn)
Jewellery
 d - a +6 ring of strength (left hand)
 r - an amulet of faith (around neck)
 v - a +5 ring of evasion (right hand)
 z - a ring of positive energy
 I - a +6 ring of intelligence
 L - a ring of protection from cold
Wands
 b - a wand of roots (11)
 n - a wand of flame (13)
 D - a wand of light (6)
Scrolls
 a - a scroll of torment {unknown}
 g - 4 scrolls of vulnerability
 h - 3 scrolls of teleportation
 i - 3 scrolls of poison
 k - 5 scrolls of identify
 l - 2 scrolls of amnesia {unknown}
 p - 2 scrolls of fear {unknown}
 q - 4 scrolls of enchant weapon
 u - 2 scrolls of fog {unknown}
 w - 2 scrolls of immolation {unknown}
 C - 2 scrolls of enchant armour
 F - a scroll of butterflies {unknown}
 G - 2 scrolls of blinking {unknown}
Potions
 c - 9 potions of curing {unknown}
 e - a potion of haste {unknown}
 j - 3 potions of heal wounds
 m - 2 potions of cancellation {unknown}
 o - 2 potions of attraction
 s - a potion of might {unknown}
 A - 4 potions of brilliance
 B - 2 potions of flight {unknown}
 H - a potion of lignification {unknown}
 J - a potion of ambrosia {unknown}
 M - a potion of magic {unknown}


   Skills:
 + Level 12.1 Fighting
 + Level 16.1 Axes
 + Level 10.7 Armour
 + Level 6.6 Dodging
 + Level 1.3 Stealth
 + Level 5.4 Shields


You had 10 spell levels left.
You didn't know any spells.
Your spell library was empty.

Dungeon Overview and Level Annotations

Branches:
Dungeon (12/15)            Temple (0/1) D:6            Lair (0/5) D:9
 Bailey (visited)
    Orc: D:9-12

Altars:
Dithmenos
Elyvilon
Fedhas
Gozag
Qazlal
Ru
Sif Muna
Vehumet
Xom

Shops:
D:5 [   D:6 (   D:11 (

Portals:
Trove: D:10 (give 5 scrolls of blinking)

Annotations:
D:6 exclusion: oklob sapling
D:12 Lodul


Innate Abilities, Weirdness & Mutations

You have a pair of horns on your head.
You reflexively headbutt those who attack you in melee.


Message History

An ogre comes into view. It is wielding a +0 giant club.
The basilisk gazes at you.
You are slowing down.
An ogre comes into view. It is wielding a +0 giant club.
There is an open door, spattered with blood here.
Things that are here:
a +3 arbalest; a yaktaur corpse Your limbs are stiffening.
Things that are here:
a +0 arbalest; a +0 robe; a yaktaur corpse You have turned to stone.
Electricity crackles from Lodul's apparatus.
The bolt of lightning hits you!!
Electricity crackles from Lodul's apparatus.
The bolt of lightning hits you!! The ogre barely misses you.
Lodul shouts, "Intruder!"
The ogre hits you with a +0 giant spiked club.
The ogre hits you with a +0 giant spiked club!
The ogre hits you with a +0 giant spiked club!
The ogre shouts!
You hear a shout!
The ogre hits you with a +0 giant spiked club!
An ogre comes into view. It is wielding a +0 giant spiked club.
You hear the faint crackling of a very distant melting archway.
The ogre shouts!
The ogre hits you with a +0 giant spiked club!
The basilisk bites you but does no damage.
The ogre hits you with a +0 giant spiked club!!
* * * LOW HITPOINT WARNING * * *
The basilisk bites you!
* * * LOW HITPOINT WARNING * * *
The ogre hits you with a +0 giant spiked club!!
* * * LOW HITPOINT WARNING * * *
You turn to flesh and can move again.
As you read the scroll of teleportation, it crumbles to dust.
You feel strangely unstable. The basilisk completely misses you.
Unknown command.
The ogre attacks as you move away! The ogre barely misses you.
The ogre attacks as you move away!
The ogre hits you with a +0 giant spiked club!!
You die...

........#######....#
........#######....#
........'..(.##....#
........#....##<...+
........#....#######
........#....#######
........###'###....#
........#....##....#
######..#....@lOO..#
...#....OO....#
#.....)O...#
#....###O###
#....#..OO<.+
######......#
.O........
OO.O.........
OO....l........


You could see Lodul, a basilisk and 7 ogres.

Vanquished Creatures
  The ghost of krest322 the Severer, a journeyman HOFi of Beogh (D:10)
  A hydra (D:10)
  Erolcha (D:11)
  A boulder beetle (D:11)
  An orc knight (Bailey)
  An ugly thing (D:11)
  2 cyclopes
  A manticore (D:12)
  A gargoyle (D:10)
  A kobold demonologist (D:11)
  A komodo dragon (D:11)
  5 yaktaurs (D:12)
  A shadow (D:10)
  A wraith (D:10)
  14 yaks
  2 steam dragons
  8 vampire mosquitoes
  4 water moccasins
  3 sky beasts
  An ice beast (D:7)
  An ogre (D:5)
  14 orc warriors
  2 black bears
  4 centaurs
  A phantom (D:5)
  Blork the orc (D:5)
  A kobold brigand (D:10)
  5 scorpions
  9 wights
  5 killer bees
  4 howler monkeys
  A hound (D:4)
  2 jellies (D:7)
  5 orc priests
  2 gnoll boudas
  Terence (D:2)
  Jessica (D:3)
  An iguana (D:6)
  Natasha (thrice) (D:3)
  11 orc wizards
  Robin (D:3)
  16 gnolls
  8 adders
  A shadow imp (D:5)
  A white imp (D:6)
  An ufetubus (D:4)
  2 worms (D:4)
  5 dart slugs
  51 orcs
  8 ball pythons
  5 endoplasms
  3 giant cockroaches
  14 goblins
  10 hobgoblins
  7 jackals
  A quokka (D:5)
  8 bats
  3 frilled lizards (D:1)
  13 kobolds
  5 rats
  A butterfly (D:3)
289 creatures vanquished.

Notes
Turn   | Place    | Note
-------+----------+-------------------------------------------
     0 | D:1      | Erymatos the Minotaur Berserker began the quest for the
                  | Orb.
     0 | D:1      | Reached XP level 1. HP: 19/19 MP: 0/0
   181 | D:1      | Reached XP level 2. HP: 20/27 MP: 1/1
   216 | D:1      | Reached skill level 4 in Axes
   496 | D:1      | Reached ** piety under Trog
   653 | D:1      | Found a faded altar of an unknown god.
   735 | D:1      | Reached XP level 3. HP: 32/33 MP: 2/2
  1059 | D:2      | Noticed Terence
  1072 | D:2      | Killed Terence
  1242 | D:2      | Reached XP level 4. HP: 41/41 MP: 3/3
  1556 | D:3      | Reached skill level 5 in Axes
  1665 | D:3      | Noticed Robin
  1674 | D:3      | Killed Robin
  1737 | D:3      | Noticed Jessica
  1746 | D:3      | Killed Jessica
  1746 | D:3      | Reached *** piety under Trog
  1747 | D:3      | Reached XP level 5. HP: 46/47 MP: 4/4
  1777 | D:3      | Found a shimmering altar of Xom.
  1880 | D:3      | Noticed Natasha
  1889 | D:3      | Killed Natasha
  2011 | D:3      | Found an opulent altar of Gozag.
  2076 | D:3      | Noticed Natasha
  2085 | D:3      | Killed Natasha
  2086 | D:3      | Reached skill level 6 in Axes
  2361 | D:3      | Noticed Natasha
  2370 | D:3      | Killed Natasha
  2371 | D:3      | Reached XP level 6. HP: 35/55 MP: 5/5
  2481 | D:4      | Reached skill level 5 in Fighting
  3177 | D:4      | Reached skill level 7 in Axes
  3624 | D:5      | Entered Level 5 of the Dungeon
  3625 | D:5      | Found Sadavoipn's Antique Armour Shop.
  3638 | D:5      | Reached XP level 7. HP: 47/61 MP: 6/6
  3808 | D:5      | Reached skill level 5 in Armour
  3812 | D:5      | Reached skill level 8 in Axes
  3820 | D:5      | Reached **** piety under Trog
  3831 | D:5      | Reached XP level 8. HP: 34/70 MP: 7/7
  4012 | D:5      | Noticed Blork the orc
  4020 | D:5      | Killed Blork the orc
  4077 | D:5      | Found a blossoming altar of Fedhas.
  4204 | D:5      | Found a sacrificial altar of Ru.
  4309 | D:6      | Reached skill level 9 in Axes
  4520 | D:6      | Found a staircase to the Ecumenical Temple.
  4551 | D:6      | Found Utamep's Hydra Hut.
  4614 | D:6      | Noticed an eight-headed hydra
  4618 | D:6      | Bought a +1 war axe of flaming for 172 gold pieces
  4727 | D:6      | Reached skill level 10 in Axes
  4859 | D:6      | Found a radiant altar of Vehumet.
  5000 | D:6      | Reached XP level 9. HP: 72/79 MP: 8/8
  5356 | D:7      | Reached skill level 11 in Axes
  5382 | D:7      | Reached ***** piety under Trog
  5709 | D:7      | Found a shimmering blue altar of Sif Muna.
  6092 | D:8      | Reached skill level 12 in Axes
  6092 | D:8      | Reached skill level 5 in Dodging
  6213 | D:8      | Reached XP level 10. HP: 63/88 MP: 9/9
  6435 | D:8      | Reached skill level 13 in Axes
  7624 | D:9      | Found a white marble altar of Elyvilon.
  7669 | D:9      | Noticed a cyclops
  7669 | D:9      | Noticed a boulder beetle
  7674 | D:9      | Noticed a gargoyle
  7677 | D:9      | Noticed a skeletal warrior
  7700 | D:9      | Found the +7 lajatang of Order {silver, rMut}
  7709 | D:9      | Noticed a deep elf pyromancer
  7749 | D:9      | Found a staircase to the Lair.
  7809 | D:10     | Entered Level 10 of the Dungeon
  7883 | D:10     | Found a flagged portal.
  7896 | D:10     | Reached skill level 1 in Shields
  7907 | Bailey   | Entered a bailey
  8042 | Bailey   | Reached skill level 14 in Axes
  8461 | Bailey   | Noticed an orc knight
  8467 | Bailey   | Killed an orc knight
  8476 | Bailey   | Identified the +1 bardiche of Fyduys {freeze, rF- Will+
                  | Int+2}
  8581 | D:10     | Found a shadowy altar of Dithmenos.
  8610 | D:10     | Reached XP level 11. HP: 64/97 MP: 10/10
  8765 | D:10     | Found a portal to a secret trove of treasure.
  8801 | D:10     | Reached ****** piety under Trog
  9103 | D:10     | Found a stormy altar of Qazlal.
  9212 | D:10     | Received a gift from Trog
  9470 | D:10     | Found a runed translucent gate.
  9470 | D:10     | Found a runed translucent gate.
  9470 | D:10     | Found a runed translucent gate.
  9470 | D:10     | Noticed krest322's ghost (journeyman HOFi)
  9470 | D:10     | Noticed a ten-headed hydra
  9648 | D:10     | Killed a nine-headed hydra
  9652 | D:10     | Killed krest322's ghost
  9653 | D:10     | Reached skill level 10 in Fighting
  9653 | D:10     | Reached skill level 15 in Axes
  9653 | D:10     | Reached skill level 1 in Stealth
  9697 | D:11     | Noticed a boulder beetle
  9711 | D:11     | Killed a boulder beetle
  9712 | D:11     | Reached skill level 10 in Armour
  9807 | D:11     | Noticed Erolcha
  9817 | D:11     | Killed Erolcha
  9873 | D:11     | Noticed a brown ugly thing
  9881 | D:11     | Killed a brown ugly thing
 10445 | D:11     | Found Ychewku's Antique Weapon Shop.
 10470 | D:11     | Reached skill level 5 in Shields
 10999 | D:12     | Reached skill level 16 in Axes
 11048 | D:12     | Noticed Lodul
 11061 | D:12     | Slain by an ogre

Illustrated notes

Levels and vault maps discovered:
D:1:      mrwooster_arrival_statue_3, layout_loops_ring,
          shapermc_ecumenical_altar_pompeii, chequers_arboretum,
          minmay_misc_feat_rows
D:2:      layout_loops_cross, st_stairs_12, uniq_terence
D:3:      layout_loops_cross, grunt_gozag_statues, xom_butterflies,
          reono_crystal_passage, grunt_ministairs_3, small_statue_intersection,
          uniq_natasha, uniq_jessica, uniq_robin
D:4:      layout_cave_pods
D:5:      kennysheep_big_flooded_room, layout_rooms,
          mainiacjoe_overflow_alcove_2, fedhas_ov_isle_minmay, serial_shops,
          shop, uniq_blork_the_orc
D:6:      layout_cave_pools, mainiacjoe_overflow_alcove_4,
          minmay_temple_entry_oklob, doesnt_shop_hydraphobe
D:7:      layout_loops_corners, nicolae_overflow_crystal_walls,
          minmay_manual_mares
D:8:      layout_rooms, nicolae_eternal_life, grunt_ministairs_7
D:9:      layout_loops_ring, mainiacjoe_overflow_tiny_flanked, lair_entry_dummy,
          onia_ninara_dug_in_and_dangerous
D:10:     layout_basic, nicolae_dithmenos_through_a_glass_darkly,
          nicolae_qazlal_eye_of_the_storm, gammafunk_ghost_hydra_chop,
          enter_bailey_5, nicolae_trove_entry_columns
D:11:     layout_stronghold, serial_shops, shop, uniq_erolcha
D:12:     layout_stronghold, orc_0_dummy, portal_ice_cave_demonic_guard,
          nicolae_transporter_intersection, uniq_lodul

Skill      XL: |  1  2  3  4  5  6  7  8  9 10 11 |
---------------+----------------------------------+-----
Axes           | 4 5 6 7 8 10 12 14 16 | 16.1
Fighting       | 4 5 6 7 9 12 | 12.1
Armour         | 3 4 5 7 8 9 10 | 10.7
Dodging        | 3 4 5 6 |  6.6
Shields        | 2 5 |  5.4
Stealth        | 1 |  1.3

Action                     |  1- 3 |  4- 6 |  7- 9 | 10-12 || total
---------------------------+-------+-------+-------+-------++-------
  Melee: Hand axe          |    72 |   197 |    85 |       ||   354
         Headbutt          |     8 |    30 |    35 |    61 ||   134
         War axe           |       |       |   104 |   292 ||   396
         Punch             |       |       |     1 |       ||     1
 Invoke: Berserk           |       |     5 |     3 |     3 ||    11
         Trog's Hand       |       |     1 |     2 |     1 ||     4
         Brothers in Arms  |       |       |       |     1 ||     1
    Use: Scroll            |       |       |       |     8 ||     8
 Armour: Animal skin       |     4 |       |       |       ||     4
         Scale mail        |    23 |    60 |    56 |    46 ||   185
  Dodge: Dodged            |    60 |   121 |   136 |   141 ||   458
  Block: Kite shield       |       |       |       |    85 ||    85
